 Dungeon Crawl Stone Soup version 0.20.1-1-g8b1a95d (webtiles) character file.

41 gobwax the Firebug (level 3, -11/21 HPs)
             Began as an Octopode Fire Elementalist on Aug 25, 2017.
             Mangled by Terence
             ... wielding a +1 falchion of electrocution
              (14 damage)
             ... on level 2 of the Dungeon.
             The game lasted 00:02:26 (920 turns).

gobwax the Firebug (Octopode Fire Elementalist)      Turns: 920, Time: 00:02:28

Health: -11/21     AC:  1    Str: 12    XL:     3   Next: 52%
Magic:  6/6        EV: 13    Int: 18    God:
Gold:   68         SH:  4    Dex: 12    Spells: 5/6 levels left

rFire    . . .     SeeInvis .   h - +0 dagger (flame)
rCold    . . .     Gourm    .   (no shield)
rNeg     . . .     Faith    .   (helmet restricted)
rPois    .         Spirit   .   g - +4 amulet of reflection
rElec    .         Reflect  +   k - ring of resist corrosion
rCorr    +         Harm     .   (no ring)
MR       .....                  (no ring)
Stlth    +++.......             (no ring)
Regen    0.1/turn               (no ring)
MPRegen  0.1/turn               (no ring)
                                (no ring)
                                (no ring)

@: mighty
A: almost no armour, stealthy swim, amphibious, 8 rings, constrict 8, camouflage
1, gelatinous body 1
a: no special abilities


You were on level 2 of the Dungeon.
You were not hungry.

You visited 1 branch of the dungeon, and saw 2 of its levels.

You collected 68 gold pieces.

Inventory:

Hand Weapons
 h - a +0 dagger of flaming (weapon)
Jewellery
 g - a +4 amulet of reflection (around mantle)
 k - a ring of resist corrosion (left tentacle)
Scrolls
 c - 2 scrolls of remove curse {unknown}
 j - a scroll of recharging {unknown}
Potions
 d - a potion of berserk rage {unknown}
 e - a potion of heal wounds {unknown}
 f - a potion of might
 i - a potion of brilliance {unknown}
 m - a potion of lignification {unknown}
 n - a potion of flight {unknown}
Books
 a - a book of Flames

   Spells                             Type                      Level
   a - Flame Tongue                   Conjuration/Fire             1
   b - Throw Flame                    Conjuration/Fire             2
   c - Conjure Flame                  Conjuration/Fire             3
   d - Inner Flame                    Hexes/Fire                   3
   e - Sticky Flame                   Conjuration/Fire             4
   f - Fireball                       Conjuration/Fire             5
Comestibles
 b - a bread ration
 l - 2 royal jellies


   Skills:
 - Level 2.0 Dodging
 - Level 2.6 Stealth
 + Level 2.4 Spellcasting
 + Level 1.2 Conjurations
 + Level 4.0 Fire Magic


You had 5 spell levels left.
You knew the following spells:

 Your Spells              Type           Power        Failure   Level  Hunger
a - Flame Tongue          Conj/Fire      ##...        6%          1    #......


Dungeon Overview and Level Annotations

Branches:
Dungeon (2/15)

Altars:

Annotations:
D:2 Terence


Innate Abilities, Weirdness & Mutations

You cannot wear most types of armour.
You are very stealthy in the water. (Stealth+)
You are amphibious.
You can wear up to eight rings at the same time.
You can use your tentacles to constrict eight enemies at once.
Your skin changes colour to match your surroundings (Stealth+).
Your rubbery body absorbs attacks. (AC +1, EV +1)


Message History

You hit Terence but do no damage. You squeeze Terence.
Terence is lightly wounded.
You constrict Terence, but do no damage.
Terence barely misses you.
You puncture Terence! You burn Terence.
Terence is heavily wounded.
You constrict Terence, but do no damage.
Terence barely misses you.
You hit Terence. You burn Terence.
Terence is almost dead.
You constrict Terence, but do no damage.
Terence closely misses you.
You hit Terence but do no damage.
Terence is almost dead.
You constrict Terence.
Terence hits you with a falchion of electrocution.
* * * LOW HITPOINT WARNING * * *
You are electrocuted!
Ouch! That really hurt!
You die...

### ####### ##.##
#...r.####...##
#.###.........####
#r# ######........
#@# ##$#####. #@#
#.# #. #.# #.# #r
#.. ##+# #. ##.#
##...## #. .#
##.....###. .#
##.......##. ..
#........(## ..
+.........'.
#.........##


You could see Terence and a rat.

Vanquished Creatures
  A worm (D:2)
  2 dart slugs (D:1)
  3 giant cockroaches (D:1)
  8 goblins
  3 hobgoblins (D:1)
  A quokka (D:2)
  5 bats
  A frilled lizard (D:1)
  2 kobolds
  7 rats
33 creatures vanquished.

Notes
Turn   | Place    | Note
-------+----------+-------------------------------------------
     0 | D:1      | gobwax the Octopode Fire Elementalist began the quest for the Orb.
     0 | D:1      | Reached XP level 1. HP: 11/11 MP: 3/3
   119 | D:1      | Reached XP level 2. HP: 16/17 MP: 1/5
   390 | D:1      | Reached XP level 3. HP: 13/21 MP: 0/6
   777 | D:2      | Reached skill level 4 in Fire Magic
   881 | D:2      | Noticed Terence
   920 | D:2      | Mangled by Terence

Skill      XL: |  1  2  3 |
---------------+----------+-----
Fire Magic     | 4 |  4.0
Dodging        | |  2.0
Stealth        | |  2.6
Spellcasting   | |  2.4
Conjurations   | |  1.2

Action                   || total
-------------------------++-------
Melee: Unarmed           ||    17
       Constrict         ||    13
       Tentacles         ||     9
       Dagger            ||    32
 Cast: Flame Tongue      ||    23
  Use: Potion            ||     1
 Stab: Sleeping          ||     7
Armor: Skin              ||     5
Dodge: Dodged            ||    30
Block: Other             ||     4
